Cogmind - Beta 15 @@@ ROGUE MODE // 2025.06.22 @ 11:55:13 Player: Plexion Result: Destroyed by as-01984 with Assembled Heavy Rifle Performance ------------- Evolutions (0) 0 Regions Visited (2) 400 Robots Destroyed (18) 90 Value Destroyed (253) 253 Prototype IDs (0) 0 Alien Tech Used (0) 0 Bonus (0) 0 TOTAL SCORE: 743 Bonus ------- None Cogmind --------- Core Integrity 0/250 Matter 300/300 Energy 250/250 System Corruption 7% Temperature Cool (0) Movement Treading (160) Location -10/Mines Parts ------- > --- POWER (1) -------- Ion Engine > --- PROPULSION (2) --- Light Treads Light Treads > --- UTILITY (2) ------ Large Storage Unit > --- WEAPON (2) ------- Small Laser > --- INVENTORY (15) --- Improved Treads Improved Treads Aluminum Leg Aluminum Leg Wheel Compact Wheel Improved Heat Sink Hacking Suite Peak State ------------ > --- POWER ------------ Light Ion Engine > --- PROPULSION ------- Improved Treads Improved Treads > --- UTILITY ---------- Large Storage Unit Seismic Detector > --- WEAPON ----------- Assault Rifle Light Assault Rifle > --- INVENTORY -------- Ion Engine Light Treads Light Treads Light Treads Improved Treads Improved Treads Wheel Compact Wheel Improved Heat Sink Seismic Detector Hacking Suite Medium Laser Medium Laser Hammer [Rating: 11] Favorites ----------- Power Light Ion Engine Engine Light Ion Engine Propulsion Light Treads Treads Light Treads Wheel Wheel Utility Seismic Detector Device Seismic Detector Storage Large Storage Unit Weapon Assault Rifle Energy Gun Medium Laser Ballistic Gun Assault Rifle Impact Weapon Hammer Build | -11 -10 -10 ------- Run | Yrd Mat Min Slots Evolved . | . . . Power . | . . . Propulsion . | . . . Utility . | . . . Weapon . | . . . Parts Attached 20 | 8 5 7 Power 4 | 1 . 3 Engine 4 | 1 . 3 Core . | . . . Reactor . | . . . Propulsion 6 | 3 2 1 Treads 5 | 2 2 1 Leg . | . . . Wheel 1 | 1 . . Hover . | . . . Flight . | . . . Utility 4 | 2 1 1 Device 2 | 1 . 1 Storage 2 | 1 1 . Processor . | . . . Hackware . | . . . Protection . | . . . Artifact . | . . . Weapon 6 | 2 2 2 Energy Gun 3 | 1 . 2 Energy Cannon . | . . . Ballistic Gun 2 | 1 1 . Ballistic Cannon . | . . . Launcher . | . . . Special Weapon . | . . . Impact Weapon 1 | . 1 . Slashing Weapon . | . . . Piercing Weapon . | . . . Special Melee Weapon . | . . . Unidentified Prototypes . | . . . Parts Lost 12 | . . 12 Power 2 | . . 2 Propulsion 3 | . . 3 Utility 2 | . . 2 Weapon 5 | . . 5 Highest Loss Streak 3 | . . 3 To Critical Strikes . | . . . Average Backups 9 | 3 8 12 Power . | . 1 1 Propulsion 4 | 1 4 6 Utility 1 | . 1 2 Weapon 1 | . 1 1 Tool/Special . | . . . Unused Backups 8 | . . 8 Power . | . . . Propulsion 6 | . . 6 Utility 2 | . . 2 Weapon . | . . . Tool/Special . | . . . Average Slot Usage (%) 94 | . 100 82 Engine 12 | . 14 9 Treads 27 | . 28 27 Device 12 | . 14 8 Storage 14 | . 14 14 Energy Gun 8 | . 9 5 Ballistic Gun 14 | . 14 12 Impact Weapon 3 | . 3 3 Peak Build Rating 11 | 7 11 11 Average Rating 8 | 5 8 8 On Entrance 6 | . 7 11 Naked Turns . | . . . Heaviest Build 28 | 13 28 27 Greatest Support 46 | 40 46 46 Greatest Overweight (x) 1 | . . 1 Average Overweight (x) . | . . . Largest Inventory Capacity 15 | 8 15 15 Average Capacity 12 | 6 12 15 Most Carried 14 | 5 14 14 Average Carried 9 | 3 8 11 Final Capacity 15 | 8 15 15 Final Carried 14 | 5 14 8 Class Distribution -------------------- 100% | Mutant Dominant Class ---------------- Mutant | -10/Materials Mutant | -10/Mines Resources | -11 -10 -10 ----------- Run | Yrd Mat Min Matter Collected 584 | 304 114 166 Remotely . | . . . Salvage Created 775 | 149 306 320 Parts 36 | 14 17 5 Haulers Intercepted 1 | . 1 . Recyclers Shooed 1 | 1 . . Parts Field Recycled . | . . . Retrieved Matter . | . . . Parts Self-Destructed . | . . . Prevented . | . . . Kills | -11 -10 -10 ------- Run | Yrd Mat Min Combat Hostiles Destroyed 20 | . 5 15 Melee 5 | . 2 3 Guns 13 | . 3 10 Classes Destroyed 8 | 2 5 1 Worker 3 | . 1 2 Tunneler 4 | 4 . . Hauler 1 | . 1 . Recycler 2 | 1 1 . Operator 1 | . 1 . Swarmer 3 | . 3 . Grunt 4 | . 2 2 Assembled 13 | . . 13 Best Kill Streak 5 | 5 5 5 Combat Bots Only 5 | . 3 5 Max Kills in Single Turn 2 | 1 2 1 Gunslinging . | . . . Exploded . | . . . Melee 1 | . 1 1 Uniques/NPCs Destroyed . | . . . Combat | -11 -10 -10 -------- Run | Yrd Mat Min Hostile Shots Fired 125 | . 15 110 Missed 32 | . 4 28 Hits 93 | . 11 82 Melee 16 | . . 16 Projectile 77 | . 11 66 Critical Strikes 3 | . . 3 Part Disruptions 4 | . . 4 Damage Taken 1545 | . 135 1410 Core 256 | . 50 206 Absorbed by Shields . | . . . Core Remaining (%) 100 | 100 . . Volleys Fired 68 | 8 13 47 Largest 2 | 2 2 2 Hottest 70 | 70 70 70 Shots Fired 117 | 16 25 76 Gun 117 | 16 25 76 Cannon . | . . . Launcher . | . . . Special . | . . . Kinetic 56 | 8 15 33 Thermal 61 | 8 10 43 Explosive . | . . . Electromagnetic . | . . . Robot Hit Streak 7 | 3 7 7 Robot Miss Streak 6 | 2 2 6 Penetration Max . | . . . Secondary Targets 4 | . . 4 Max Gunslinging Chain 1 | . . 1 Shots Hit Robots 88 | 9 19 60 Core Hits 46 | 6 13 27 Critical Kills 1 | . 1 . Critical Parts Destroyed 2 | . 1 1 Critical Strikes 9 | 1 6 2 Burn 6 | 1 4 1 Smash 3 | . 2 1 Melee Attacks 42 | . 23 19 Impact 42 | . 23 19 Slashing . | . . . Piercing . | . . . Sneak Attacks 3 | . 1 2 Combat Hostiles . | . . . Follow-up Attacks . | . . . Damage Inflicted 1459 | 127 342 990 Guns 848 | 127 219 502 Cannons . | . . . Explosions . | . . . Melee 582 | . 120 462 Ramming 29 | . 3 26 Kinetic 322 | 52 120 150 Thermal 526 | 75 99 352 Explosive . | . . . Electromagnetic . | . . . Impact 582 | . 120 462 Slashing . | . . . Piercing . | . . . Highest Corruption 7 | . . 7 Average Corruption 6 | . . 6 Corruption Purged . | . . . Corruption Blocked . | . . . Effects 2 | . . 2 Message Errors 1 | . . 1 Matter Fused 1 | . . 1 Overload Shots . | . . . Overflow Damage 191 | . 70 121 Projectiles . | . . . Explosions . | . . . Melee 191 | . 70 121 Knockbacks 5 | . 1 4 Impact 5 | . 1 4 Kinetic . | . . . Secondary . | . . . Self-Inflicted Damage . | . . . Shots . | . . . Rammed 17 | . 1 16 Targets Rammed 18 | . 1 17 Kicked . | . . . Crushed 1 | . . 1 Highest Temperature 110 | 36 72 110 Average Temperature 31 | 19 27 37 Received Heat Transfer 377 | . 63 314 Siege Activations . | . . . Martial Activations . | . . . Shielding Activations . | . . . Robots Disrupted . | . . . Combat Hostiles . | . . . Robots Corrupted 5 | . 1 4 Combat Hostiles 2 | . . 2 Parts Fried 3 | . 1 2 Impact Corruptions 9 | . 3 6 Robots Melted . | . . . Combat Hostiles . | . . . Parts Melted 1 | 1 . . Heat Transferred 1903 | 296 592 1015 Parts Sabotaged . | . . . Parts Stolen . | . . . Parts Stripped . | . . . Power Chain Reactions . | . . . Alert | -11 -10 -10 ------- Run | Yrd Mat Min Maximum Alert Level . | . . . Low Security (%) 100 | 100 100 100 Level 1 . | . . . Level 2 . | . . . Level 3 . | . . . Level 4 . | . . . Level 5 . | . . . High Security . | . . . Max Security . | . . . Peak Influence 123 | 15 123 50 Initial 39 | . . 39 Average 35 | 3 48 8 Influence Increases 464 | 25 379 60 Destroy 0b10 Robot/C 140 | . 100 40 Destroy 0b10 Robot/NC 55 | 25 20 10 Destroy Leader 32 | . 22 10 Successful Hack 17 | . 17 . Destroy Structure 10 | . 10 . Lose Combat Pursuer 210 | . 210 . Influence Decreases 464 | 25 276 163 Entered New Map 64 | . . 64 Time Decay 368 | 25 276 67 Lost Part 32 | . . 32 Squads Dispatched 1 | . 1 . Investigation . | . . . Extermination . | . . . Reinforcement 1 | . 1 . Assault . | . . . Garrison . | . . . Intercept . | . . . Searches Triggered . | . . . Construction Impeded . | . . . Haulers Reinforced . | . . . Active Scanning Responses . | . . . Cargo Convoy Interrupts . | . . . Stealth | -11 -10 -10 --------- Run | Yrd Mat Min Distress Signals 3 | . 3 . Communications Jammed . | . . . Distress Signals . | . . . Times Spotted 44 | . 27 17 Peak Tracking Total 5 | . 5 5 Tactical Retreats 5 | . 5 . Traps | -11 -10 -10 ------- Run | Yrd Mat Min Traps Triggered 1 | . 1 . Indirectly . | . . . Trap Hack Attempts . | . . . Triggered . | . . . Disarmed . | . . . Reprogrammed . | . . . Reused . | . . . Traps Extracted . | . . . Installed . | . . . Triggered . | . . . Machines | -11 -10 -10 ---------- Run | Yrd Mat Min Machines Disabled . | . . . Max in Single Turn . | . . . Machines Repaired . | . . . Machines Dismantled . | . . . Machines Sabotaged . | . . . Overloaded Fab Kills . | . . . Hacking | -11 -10 -10 --------- Run | Yrd Mat Min Machines Accessed 5 | . 5 . Terminals 5 | . 5 . Fabricators . | . . . Repair Stations . | . . . Recycling Units . | . . . Scanalyzers . | . . . Garrison Access . | . . . Total Hacks 20 | . 20 . Successful 5 | . 5 . Failed 14 | . 14 . Catastrophic . | . . . Database Lockouts 1 | . 1 . Manual 18 | . 18 . Terminals 20 | . 20 . Fabricators . | . . . Repair Stations . | . . . Recycling Units . | . . . Scanalyzers . | . . . Garrison Access . | . . . Terminal Hacks 1 | . 1 . Robot Analysis 1 | . 1 . Fabricator Hacks . | . . . Repair Station Hacks . | . . . Recycling Unit Hacks . | . . . Scanalyzer . | . . . Garrison Access Hacks . | . . . Unauthorized Hacks 4 | . 4 . Terminals 4 | . 4 . Botnet 1 | . 1 . Disrupt 1 | . 1 . Operators 1 | . 1 . Skim 1 | . 1 . Fabricators . | . . . Repair Stations . | . . . Recycling Units . | . . . Scanalyzers . | . . . Garrison Access . | . . . Data Cores Recovered . | . . . Used . | . . . Hacking Detections 5 | . 5 . Full Trace Events . | . . . Feedback Events . | . . . Feedback Blocked . | . . . Robot Schematics Acquired . | . . . Robots Built . | . . . Authchips . | . . . Time . | . . . Total Robot Build Rating . | . . . Part Schematics Acquired . | . . . Parts Built . | . . . Authchips . | . . . Time . | . . . Total Part Build Rating . | . . . Parts Repaired . | . . . Time . | . . . Parts Recycled . | . . . Recycled Matter . | . . . Retrieved Matter . | . . . Retrieved Components . | . . . Parts Scanalyzed . | . . . Part Schematics Acquired . | . . . Parts Damaged . | . . . Bothacking | -11 -10 -10 ------------ Run | Yrd Mat Min Used RIF Installer . | . . . Robots Hacked . | . . . Non-combat . | . . . Combat . | . . . Robot Hacks Applied . | . . . Relay Couplers Released . | . . . Fabnet Peak Effective % . | . . . Robots Rewired . | . . . Allies Hacked . | . . . Hacks Repelled . | . . . Allies | -11 -10 -10 -------- Run | Yrd Mat Min Total Allies . | . . . Largest Group . | . . . Highest-Rated Group . | . . . Highest-Rated Ally . | . . . Total Orders . | . . . Ally Attacks . | . . . Total Damage . | . . . Kills . | . . . Allies Corrupted . | . . . Allies Melted . | . . . Intel | -11 -10 -10 ------- Run | Yrd Mat Min Active Infowar (turns) 1651 | 23 1314 314 Seismic 1651 | 23 1314 314 Robot Analysis Total 1 | . 1 . Derelict Logs Recovered . | . . . Drone Launches . | . . . Drone Recoveries . | . . . Exploration | -11 -10 -10 ------------- Run | Yrd Mat Min Turns Passed 1953 | 126 1319 508 Spaces Moved 673 | 56 472 145 Core 2 | 2 . . Treads 670 | 53 472 145 Legs . | . . . Wheels 1 | 1 . . Hover . | . . . Flight . | . . . Fastest Speed 50 | 50 160 160 Average Speed 160 | 154 160 163 Slowest Speed 240 | 160 160 240 Overloaded Moves . | . . . Propulsion Burnouts . | . . . Robots Hopped . | . . . Potential Cave-ins . | . . . Cave-ins Triggered . | . . . Exploration Rate (%) 31 | 5 65 23 Regions Visited 2 Branch Regions 1 Pre-discovered Areas . | . . . Known Exits Taken . | . . . Unknown Exits Taken 2 | 1 1 . Scrap Searched . | . . . Spaces Dug 10 | . 10 . Terrain Destroyed 10 | . 10 . Melee 10 | . 10 . Projectile . | . . . AOE . | . . . Terrain Rammed . | . . . Walls Destroyed . | . . . Machines Disabled . | . . . Actions | -11 -10 -10 --------- Run | Yrd Mat Min Total 1337 | 76 965 296 Wait 488 | . 438 50 Move 671 | 55 471 145 Hop . | . . . Pick Up 16 | 4 7 5 Fast Attach 11 | 8 2 1 Attach 10 | . . 10 Detach 1 | 1 . . Swap 10 | . 9 1 Drop 2 | . 1 1 Fire 68 | 8 13 47 Melee 42 | . 23 19 Ram . | . . . Kick . | . . . Crush 18 | . 1 17 Escape Stasis . | . . . Rewire . | . . . Trap . | . . . Miscellaneous . | . . . Route ------- -11/Scrapyard -10/Materials (discovered 2 exits: [*Mat] / [*Min]) -10/Mines History --------- Turn | Location | Event 9 | -11/Scrapyard | Discovered new exit (range 16) 127 | -11/Scrapyard | Entered Materials 318 | -10/Materials | Build established: Mutant 603 | -10/Materials | Discovered new exit (range 16) 913 | -10/Materials | Central database locked down 1108 | -10/Materials | Discovered new exit (range 15) 1446 | -10/Materials | Entered Mines 1447 | -10/Mines | Assembled infested the area 1452 | -10/Mines | Assisted by a Guerilla fighting off Assembled 1772 | -10/Mines | Lost 3 parts (1n2w) 1787 | -10/Mines | Core integrity fell below 50% 1892 | -10/Mines | Lost 3 parts (1p1u1w) 1913 | -10/Mines | Core integrity fell below 20% 1954 | -10/Mines | Destroyed by as-01984 with Assembled Heavy Rifle Last Messages --------------- 01864_ Slammed into as-11932. 01867_ Crushed as-11932. 01867_ as-11932 destroyed. 01871_ Acquired 10 matter. 01901_ as-41842 destroyed. 01902_ as-14820 sneak attacks. 01916_ Destroyed Asb. Hover Unit. 01917_ Ion Engine severed. 01918_ as-14820 destroyed. 01923_ HJJLLKOYNDTJHPX3 Y2UDSNLK7V>B 01930_ K-01 Serf collects debris. 01934_ Slammed into as-48952. 01936_ K-01 Serf collects debris. 01938_ Slammed into as-01984. 01939_ K-01 Serf collects debris. 01940_ Slammed into as-01984. 01948_ Lgt. Treads destroyed. 01950_ Slammed into as-01984. 01953_ Acquired 10 matter. 01953_ Slammed into as-01984. Map ----- +----------------------------------------------------+ | ??????????????????????????????????????????? | | ??????????????????????????????????????????? | | ??????????????????????????????????????????? | | ??????????????????????????????????????????? | | ??????????????????????????????????????????? | | ??????????????????????????????????????????? | | ??????????????????????????????????????????? | | ??????????????????????????????????????????? | | ??????????????????????????????????????????? | | ??????????????????????????????????????????? | | ??????????????????????? ??????????????????? | | ??????????????????????? ?????????????????? | | ??????????????????????# "?????????????????? | | ????????????????????## """ ??????????????? | | ??????????????????## """ ??????????????? | | ?????????????????## ??????????????? | | ????????????????## = ???????????????? | | ????????????????# =%!????????????????? | | ????????????????? |?????????????????? | | ????????????????? ??????????????????? | | ?????????????????? ???????????????????? | | ?????????????????? ==????????????????????? | | ??????????????????#!%#????????????????????? | | ??????????????????#!!#????????????????????? | | ????????????????###a%#????####????????????? | | ????????????????#*@%%###### ##???????????? | | ????????????????#a#### ## #???????????? | | ????????????????#= ! #???????????? | | ????????????????# %=%*% % % ##???????????? | | ????????????????####!#! "##%##????????????? | | ???????????????????#%######%#?????????????? | | ???????????????????#%#????#%#?????????????? | | ???????????????????#%#????# #?????????????? | | ????????############ #????#%#??########???? | | ???????? """ """ ## #????#%#??# # ##??? | | ?????# """ """ ##%#????#%#### #### | | ?????# """ """ = % #????# % ## | | ?????# ####????######### | | ?????# ##########???## # # ## | | ?????# ## #????# !##### | | ?????############### """ #????# ! !%% | | ???????????????????# """ ######## #! ### | | ???????????????????# """ * | | ???????????????????# ###?##### # # | | ???????????????????##### ###???????### # | | ???????????????????????# #???????????## #?# | | ???????????????????????# #????###?????# #?? | | ???????????????????????# ###### ###???# #?? | | ??????????????????????## ##??# #?? | | ????????????????????### ### ##?# #?? | +----------------------------------------------------+ Best States ------------- Heat Dissipation 25 Energy Generation 10 Energy Capacity 250 Matter Stores 300 Matter Capacity 300 Sight Range 16 Terrain Scan Density 10 Evasion (%) 40 Recoil Reduction 2 Item Schematics ----------------- None Robot Schematics ------------------ None Fabricated ------------ Nothing Repaired ---------- Nothing Alien Tech Used ----------------- None Achievements -------------- None Challenges ------------ None Game ------ Seed PrecisionImpulseTriangulator Manual? 0 Play Time 00:12:43 Cumulative 827.3 hours Start 2025.06.22 @ 11:42:52 End 2025.06.22 @ 11:55:13 Sessions 1 Manual Loads 0 Difficulty Rogue Special Mode None Game No. 776 Rogue 689 Adventurer 87 Explorer 0 Win Type - Total 54 Types 9/2/31/2/1/1/4/1/1/2 Lore% 96 Gallery% 93 Achievement% 81 Wizard Run 0 Options --------- Layout 0 ASCII 0 Keyboard 1 Movement Numpad Keybinds 0 Fullscreen 2 Font 18/SmallcapsGlow Map View 76x50 Zoom Use 0% Tactical HUD 1 Map Filters NONE Filters NONE Steam 1 RUN: 64a1a58f-83c0-433c-afd8-cc45f9bd47ab